 Dungeon Crawl Stone Soup version 0.18-a0-116-g2d311b1 (webtiles) character file.

54 Proton the Skirmisher (level 3, -6/34 HPs)
             Began as a Naga Fighter on Nov 17, 2015.
             Mangled by Ijyb
             ... wielding a +1 dagger of electrocution
              (19 damage)
             ... on level 2 of the Dungeon.
             The game lasted 00:01:52 (925 turns).

Proton the Skirmisher (Naga Fighter)                 Turns: 925, Time: 00:01:52

Health: -6/34      AC:  5    Str: 19    XL:     3   Next: 91%
Magic:  3/3        EV:  3    Int:  8    God:
Gold:   27         SH:  8    Dex: 10    Spells: 0 memorised, 2 levels left

rFire  . . .     SeeInvis +     a - +0 long sword
rCold  . . .     Clarity  .     m - +0 chain mail
rNeg   . . .     SustAt   .     c - +0 shield
rPois  +         Gourm    .     (no helmet)
rElec  .         Spirit   .     (no cloak)
rCorr  .         Warding  .     (no gloves)
rMut   .         Stasis   .     (no barding)
MR     .....                    (no amulet)
Stlth  ..........               (no ring)
                                (no ring)

@: very slow, not resistant to hostile enchantments, extremely unstealthy
A: see invisible, deformed body, poison resistance, slowness 2, slow metabolism
1, spit poison 2, AC +1
a: Spit Poison


You were on level 2 of the Dungeon.
You were not hungry.

You visited 1 branch of the dungeon, and saw 2 of its levels.

You collected 27 gold pieces.

Inventory:

Hand Weapons
 a - a +0 long sword (weapon)
Armour
 c - a +0 shield (worn)
 m - a +0 chain mail (worn)
Scrolls
 b - a scroll of immolation {unknown}
 g - 2 scrolls of identify {unknown}
 h - a scroll of fog {unknown}
 i - a scroll of recharging {unknown}
 j - 3 scrolls of magic mapping {unknown}
 l - a scroll of remove curse {unknown}
Potions
 d - a potion of might
 k - 2 potions of heal wounds {unknown}
Comestibles
 e - 2 bread rations
 f - 15 fruits


   Skills:
 + Level 3.3 Fighting
 + Level 2.3 Long Blades
 + Level 2.7 Armour
 + Level 1.0 Dodging
 + Level 1.9 Stealth
 + Level 2.7 Shields


You had 2 spell levels left.
You didn't know any spells.

Dungeon Overview and Level Annotations

Branches:
Dungeon (2/15)

Altars:
Kikubaaqudgha

Annotations:
D:2 Ijyb


Innate Abilities, Weirdness & Mutations

You cannot wear boots.
Your serpentine skin is tough (AC +1).
You have supernaturally acute eyesight.
Armour fits poorly on your strangely shaped body.
Your system is resistant to poisons.
You cover ground very slowly.
You have a slow metabolism.
You can spit poison.


Message History

No target in view!
No target in view!
No target in view!
No target in view!
No target in view!
You see here a bat corpse.
Ijyb the Twisted Goblin comes into view.
He is wielding a dagger of electrocution.
Ijyb is nearby!
You hit Ijyb but do no damage.
Ijyb hits you with a dagger of electrocution.
You are electrocuted!
Ouch! That really hurt!
Your chain mail prevents you from hitting Ijyb.
Ijyb hits you with a dagger of electrocution.
Your shield and chain mail prevent you from hitting Ijyb.
Ijyb screams, "No!
No, no, no, no!"
Ijyb hits you with a dagger of electrocution.
You closely miss Ijyb. Ijyb hits you but does no damage.
You are electrocuted!
Ouch! That really hurt!
You die...

#################
................#
#.........#
#.#######.#
######.# #.#
#@..##.#######.###
#g###†............#
... #.#.#######....
#.##. #...# #.#.#
#. ## .#.## #.#.#
.. ###.# #.#.# .
#.# #.#.# #.# #.#.#
#.# #.#.#


You could see Ijyb.

Vanquished Creatures
  Natasha (D:2)
  An ooze (D:1)
  2 giant geckos
  4 hobgoblins
  A kobold (D:1)
  A ball python (D:1)
  5 bats
  A giant cockroach (D:1)
  A giant newt (D:2)
  4 goblins (D:1)
  3 rats (D:1)
24 creatures vanquished.

Notes
Turn   | Place    | Note
--------------------------------------------------------------
     0 | D:1      | Proton the Naga Fighter began the quest for the Orb.
     0 | D:1      | Reached XP level 1. HP: 21/21 MP: 1/1
   123 | D:1      | Reached XP level 2. HP: 24/28 MP: 2/2
   157 | D:1      | Reached skill level 1 in Stealth
   413 | D:2      | Reached XP level 3. HP: 31/34 MP: 3/3
   443 | D:2      | Found an ancient bone altar of Kikubaaqudgha.
   461 | D:2      | Noticed Natasha
   481 | D:2      | Killed Natasha
   873 | D:2      | Reached skill level 1 in Dodging
   921 | D:2      | Noticed Ijyb
   925 | D:2      | Mangled by Ijyb

Vault maps used:
D:1:      minmay_arrival_arboretum_small, minmay_misc_feat_doors
D:2:      lemuel_crystal_altar, nicolae_overflow_crystal_walls,
          ecumenical_altar_1, guppyfry_early_lair_pool, uniq_iyjb, uniq_natasha

Action                   || total
-------------------------++-------
Melee: Long sword        ||    86
 Abil: Spit Poison       ||     3
